 Dungeon Crawl Stone Soup version 0.24-a0-102-g7635c99 (webtiles) character file.

Game seed: 7049871939811580193

85 galech the Skirmisher (level 4, 24/36 HPs)
             Began as a Demonspawn Fighter on Feb 12, 2019.
             Quit the game on level 2 of the Dungeon.
             The game lasted 00:01:06 (867 turns).

galech the Skirmisher (Demonspawn Fighter)           Turns: 867, Time: 00:01:07

Health: 24/36      AC:  6    Str: 17    XL:     4   Next: 25%
Magic:  4/4        EV:  7    Int:  9    God:
Gold:   82         SH:  9    Dex: 13    Spells: 3/3 levels left

rFire    . . .     SeeInvis .   a - +0 war axe
rCold    . . .     Gourm    .   c - +0 shield
rNeg     . . .     Faith    .   b - +0 scale mail
rPois    .         Spirit   .   (no helmet)
rElec    .         Reflect  .   (no cloak)
rCorr    .         Harm     .   (no gloves)
MR       .....                  (no boots)
Stlth    ..........             (no amulet)
HPRegen  0.12/turn              (no ring)
MPRegen  0.09/turn              (no ring)

@: no status effects
A: talons 1, spiny 1
a: no special abilities


You were on level 2 of the Dungeon.
You were not hungry.

You visited 1 branch of the dungeon, and saw 2 of its levels.

You collected 82 gold pieces.

Inventory:

Hand Weapons
 a - a +0 war axe (weapon)
Armour
 b - a +0 scale mail (worn)
 c - a +0 shield (worn)
Scrolls
 e - 2 scrolls of remove curse {unknown}
 h - a scroll of amnesia {unknown}
Potions
 d - 2 potions of might
 g - a potion of curing {unknown}
 i - a potion of brilliance {unknown}
 j - a potion of cancellation {unknown}
 l - a potion of ambrosia {unknown}
Comestibles
 f - 6 rations
 k - 9 chunks of flesh


   Skills:
 + Level 3.6 Fighting
 + Level 2.8 Axes
 + Level 3.2 Armour
 + Level 0.2 Dodging
 + Level 3.0 Shields


You had 3 spell levels left.
You didn't know any spells.
Your spell library was empty.

Dungeon Overview and Level Annotations

Branches:
Dungeon (2/15)

Altars:


Innate Abilities, Weirdness & Mutations

You have sharp toenails.
You are partially covered in sharp spines.


Message History

No target in view!
No target in view!
No target in view!
No target in view!
No target in view!
No target in view!
Items here: ))))) [[ ††† Butcher a hobgoblin corpse? [(y)es/(n)o/(a)ll/(q)uit/?]
You butcher the hobgoblin corpse.
You butcher the goblin corpse.
k - a chunk of flesh;
k - 3 chunks of flesh (gained 2)
Items here: ))))) [[ ÷÷ †
Okay, then.
Items here: )))) ††† Butcher a goblin corpse? [(y)es/(n)o/(a)ll/(q)uit/?]
You butcher the goblin corpse. x3
k - 6 chunks of flesh (gained 3);
k - 8 chunks of flesh (gained 2)
k - 9 chunks of flesh (gained 1)
Items here: )))) ÷÷÷ Are you sure you want to abandon this character and quit the game? (Confirm with "yes".)

########### ..........#
########### ..........###
#.........#
............######.........#
..........#.).@.......<....#
#######g##########.........####
#.. #.............


gg# #..........### .gg# ..######.......... ....# #.......##........ g.....
.................. #######.##........ #............ There were no monsters in
sight!

Vanquished Creatures
  Robin (D:2)
  3 gnolls
  2 dart slugs
  A ball python (D:1)
  A giant cockroach (D:2)
  6 hobgoblins
  6 kobolds
  2 bats (D:1)
  2 frilled lizards
  12 goblins
  3 rats (D:1)
39 creatures vanquished.

Notes
Turn   | Place    | Note
-------+----------+-------------------------------------------
     0 | D:1      | galech the Demonspawn Fighter began the quest for the Orb.
     0 | D:1      | Reached XP level 1. HP: 18/18 MP: 1/1
   132 | D:1      | Gained mutation: You have sharp toenails. [demonic
                  | ancestry]
   132 | D:1      | Reached XP level 2. HP: 24/24 MP: 2/2
   607 | D:1      | Reached XP level 3. HP: 18/29 MP: 3/3
   826 | D:2      | Noticed Robin
   851 | D:2      | Gained mutation: You are partially covered in sharp spines.
                  | [demonic ancestry]
   851 | D:2      | Reached XP level 4. HP: 25/36 MP: 4/4
   856 | D:2      | Killed Robin
   867 | D:2      | Quit the game

Levels and vault maps discovered:
D:1:      dpeg_arrival_houses_and_road, layout_basic
D:2:      layout_rooms, old_standard_altar, lemuel_doored_altar, uniq_robin

Skill      XL: |  1  2  3 |
---------------+----------+-----
Axes           | 2 |  2.8
Armour         | 3 |  3.2
Shields        | 3 |  3.0
Fighting       | |  3.6
Dodging        | |  0.2

Action                   |  1- 3 |  4- 6 || total
-------------------------+-------+-------++-------
Melee: War axe           |    87 |     5 ||    92
       Kick              |    13 |     1 ||    14
Armor: Scale mail        |    46 |     2 ||    48
Dodge: Dodged            |    26 |     1 ||    27
Block: Shield            |    49 |     4 ||    53

Table legend:
 A = Non-vault XP
 B = Vault XP
 C = Vault XP percentage of total XP
 D = Non-vault monster count
 E = Vault monster count
 F = Vault count percentage of total count
                 A         B        C        D         E       F
            +---------+---------+-------+---------+---------+-------
      Total |      83 |      39 |  32.0 |      26 |      13 |  33.3
            +---------+---------+-------+---------+---------+-------
        D:1 |      42 |       0 |   0.0 |      18 |       0 |   0.0
        D:2 |      41 |      39 |  48.8 |       8 |      13 |  61.9
            +---------+---------+-------+---------+---------+-------
